 Dungeon Crawl Stone Soup version 0.24-a0-769-g368c1644f8 (webtiles) character file.

Game seed: 6490496619417427314, levelgen mode: deterministic

30 MalarOregon the Conjurer (level 3, -4/26 HPs)
             Began as a Draconian Conjurer on Oct 4, 2019.
             Slain by an iguana (12 damage)
             ... on level 2 of the Dungeon.
             The game lasted 00:02:25 (1244 turns).

MalarOregon the Conjurer (Draconian Conjurer)       Turns: 1244, Time: 00:02:26

Health: -4/26      AC:  5    Str: 10    XL:     3   Next: 5%
Magic:  2/7        EV: 12    Int: 14    God:
Gold:   58         SH:  0    Dex: 11    Spells: 6/7 levels left

rFire    . . .     SeeInvis .   k - +3 dagger (speed)
rCold    . . .     Gourm    .   (no shield)
rNeg     . . .     Faith    .   (armour unavailable)
rPois    .         Spirit   .   (helmet restricted)
rElec    .         Reflect  .   (no cloak)
rCorr    .         Harm     .   (no gloves)
MR       .....                  (no boots)
Stlth    ++........             (no amulet)
HPRegen  0.08/turn              g - -2 ring of intelligence (curse)
MPRegen  0.10/turn              (no ring)

@: no status effects
A: unfitting armour, cold-blooded, AC +5
a: no special abilities


You were on level 2 of the Dungeon.
You were hungry.

You visited 1 branch of the dungeon, and saw 2 of its levels.

You collected 58 gold pieces.

Inventory:

Hand Weapons
 k - a +3 dagger of speed (weapon)
   (You found it on level 1 of the Dungeon)
Missiles
 h - 11 poisoned darts (quivered)
Jewellery
 g - a cursed -2 ring of intelligence (left hand)
   (You found it on level 1 of the Dungeon)
 j - an uncursed ring of poison resistance {unknown}
   (You found it on level 1 of the Dungeon)
Scrolls
 b - 2 scrolls of magic mapping
 c - 2 scrolls of identify {@r1}
Potions
 i - a potion of heal wounds {@q2}
Comestibles
 a - 3 chunks of flesh
 e - 2 rations {!d}


   Skills:
 - Level 1.7 Dodging
 - Level 1.7 Stealth
 + Level 2.7 Spellcasting
 + Level 4.5 Conjurations


You had 6 spell levels left.
You knew the following spells:

 Your Spells              Type           Power        Failure   Level  Hunger
a - Magic Dart            Conj           ##..         3%          1    #......

Your spell library contained the following spells:

 Spells                   Type           Power        Failure   Level  Hunger
 Searing Ray              Conj           ##....       5%          2    ###....
 Dazzling Spray           Conj/Hex       #.....       26%         3    ###....
 Iskenderun's Mystic Bla  Conj           ##......     34%         4    #####..
 Force Lance              Conj/Tloc      #.......     65%         4    #####..
 Fulminant Prism          Conj/Hex       #.........   65%         4    #####..


Dungeon Overview and Level Annotations

Branches:
Dungeon (2/15)

Altars:


Innate Abilities, Weirdness & Mutations

Your plain brown scales are hard. (AC +5)
You cannot fit into any form of body armour.
You are cold-blooded and may be slowed by cold attacks.


Message History

Aim: an adder (heavily wounded)
The magic dart hits the adder.
A rat comes into view.
Aim: an adder (heavily wounded)
The magic dart hits the adder.
The adder bites you.
You hit the adder but do no damage. The adder completely misses you.
You hit the adder but do no damage. The adder barely misses you.
You hit the adder. The adder bites you.
You miss the adder.
Your tail-slap misses the adder.
The adder bites you.
You hit the adder.
You kill the adder!
You have reached level 3!
Your experience leads to an increase in your attributes!
Your base attributes are Str 10, Int 15, Dex 11.
Increase (S)trength, (I)ntelligence, or (D)exterity?
You feel clever.
Your scales feel tougher.
Aim: a goblin, wielding a +0 club The magic dart hits the goblin.
You kill the goblin!
You hit the rat.
You kill the rat!
An iguana comes into view.
Things that are here:
a +0 club; a goblin corpse You butcher the goblin corpse.
a - 3 chunks of flesh
Things that are here:
a +0 club; a goblin skeleton There isn't anything to butcher here.
You start resting.
The iguana is too close now for your liking.
Aim: an iguana (hasn't noticed you)
Okay, then.
An iguana is nearby!
The iguana hisses angrily.
You start resting.
The iguana is too close now for your liking.
Aim: an iguana The magic dart hits the iguana but does no damage.
You are feeling hungry.
Aim: an iguana The magic dart hits the iguana.
You hit the iguana. The iguana bites you.
You hit the iguana but do no damage. You hit the iguana. The iguana bites you!
Ouch! That really hurt!
* * * LOW HITPOINT WARNING * * *
There is a stone staircase leading up here.
The iguana bites you!
You die...

#############.
#.@l.)..%.....
#..###..####..
#..# #..#
..... ...l.
#.#..# #..#.#
#.##..#
#?..... ##
#... ...#.###
#### ####.


You could see an iguana.

Vanquished Creatures
  An adder (D:2)
  A ball python (D:1)
  A giant cockroach (D:1)
  5 goblins
  A hobgoblin (D:1)
  3 kobolds (D:1)
  2 bats (D:1)
  2 frilled lizards (D:1)
  4 rats
20 creatures vanquished.

Notes
Turn   | Place    | Note
-------+----------+-------------------------------------------
     0 | D:1      | MalarOregon the Draconian Conjurer began the quest for the
                  | Orb.
     0 | D:1      | Reached XP level 1. HP: 14/14 MP: 3/3
   506 | D:1      | Reached XP level 2. HP: 16/20 MP: 1/5
  1198 | D:2      | Reached XP level 3. HP: 19/26 MP: 0/7
  1244 | D:2      | Slain by an iguana

Levels and vault maps discovered:
D:1:      lightli_arrival_quake, layout_loops_ring, corner_web_ring,
          chequers_hall_statues_corner_a, minmay_3d_cube
D:2:      layout_loops_cross

Action                   || total
-------------------------++-------
Melee: Unarmed           ||     8
       Whip              ||     6
       Tailslap          ||     2
       Dagger            ||    18
Throw: Dart              ||     2
 Cast: Magic Dart        ||    33
  Use: Scroll            ||     4
 Stab: Sleeping          ||     1
  Eat: Chunk             ||     1
Armor: Skin              ||    11
Dodge: Dodged            ||     9

Table legend:
 A = Non-vault XP
 B = Vault XP
 C = Vault XP percentage of total XP
 D = Non-vault monster count
 E = Vault monster count
 F = Vault count percentage of total count
                 A         B        C        D         E       F
            +---------+---------+-------+---------+---------+-------
      Total |      34 |      10 |  22.7 |      14 |       6 |  30.0
            +---------+---------+-------+---------+---------+-------
        D:1 |      15 |      10 |  40.0 |      10 |       6 |  37.5
        D:2 |      19 |       0 |   0.0 |       4 |       0 |   0.0
            +---------+---------+-------+---------+---------+-------
